 Dungeon Crawl Stone Soup version 0.20.1-1-g8b1a95d (webtiles) character file.

1722 Jannitor the Chopper (level 9, 0/53 HPs)
             Began as a Vine Stalker Chaos Knight on Sept 19, 2017.
             Shot with an arrow by a centaur (1 damage)
             ... on level 6 of the Dungeon on Sept 20, 2017.
             The game lasted 00:12:30 (4724 turns).

Jannitor the Chopper (Vine Stalker Chaos Knight)    Turns: 4724, Time: 00:12:31

Health: 0/53       AC:  7    Str: 20    XL:     9   Next: 4%
Magic:  0/10       EV: 12    Int: 12    God:    Xom [...*..]
Gold:   141        SH:  0    Dex: 12    Spells: 8/8 levels left

rFire    . . .     SeeInvis .   a - +1 hand axe (chaos)
rCold    + . .     Gourm    .   (no shield)
rNeg     . . .     Faith    .   b - +2 leather armour
rPois    .         Spirit   +   (no helmet)
rElec    .         Reflect  .   (no cloak)
rCorr    +         Harm     .   (no gloves)
MR       +....     Clarity  +   (no boots)
Stlth    +.........             (no amulet)
Regen    0.6/turn               e - ring of resist corrosion
MPRegen  0.2/turn               (no ring)

@: no status effects
A: fangs 3, molten scales 1, blurry vision 1, clarity, clumsy 1, cold resistance
1, regeneration 1, robust 1, strong 1, magic shield, antimagic bite, no potion
heal 3, rot immunity
a: Renounce Religion


You were on level 6 of the Dungeon.
You worshipped Xom.
You were a favourite toy of Xom.
You were not hungry.

You visited 1 branch of the dungeon, and saw 6 of its levels.
You also visited: Ossuary.

You collected 189 gold pieces.
You spent 48 gold pieces at shops.

Inventory:

Hand Weapons
 a - a +1 hand axe of chaos (weapon)
Armour
 b - a +2 leather armour (worn)
 s - a +0 buckler
Jewellery
 e - a ring of resist corrosion (left hand)
Wands
 u - a wand of disintegration (18/24)
 v - a wand of flame (19/48)
Scrolls
 j - 6 scrolls of identify
 m - 6 scrolls of remove curse
 q - a scroll of amnesia
 r - 2 scrolls of blinking
Potions
 d - a potion of flight
 f - 2 potions of mutation
 g - a potion of brilliance
 h - a potion of agility {unknown}
 n - a potion of haste {unknown}
 p - 3 potions of curing
 z - 2 potions of heal wounds {unknown}
Comestibles
 c - 3 bread rations
 i - a chunk of flesh
 k - a meat ration
 l - a royal jelly
 o - 2 fruits


   Skills:
 + Level 6.4 Fighting
 + Level 6.6 Axes
 + Level 5.4 Armour
 - Level 1.5 Dodging


You had 8 spell levels left.
You didn't know any spells.

Dungeon Overview and Level Annotations

Branches:
Dungeon (6/15)             Temple (0/1) D:4

Altars:
Fedhas
Hepliaklqana
Ru
Trog
Vehumet
Xom

Shops:
D:5 }(*}

Annotations:
D:4 2 transporters


Innate Abilities, Weirdness & Mutations

You have razor-sharp teeth.
Your natural rate of healing is unusually fast.
When hurt, damage is shared between your health and your magic reserves.
Your bite disrupts and absorbs the magic of your enemies.
Potions cannot restore your health.
You are immune to rotting.
You are partially covered in molten scales. (AC +2)
Scrolls take you a little longer to read.
You possess an exceptional clarity of mind.
You are clumsy. (Dex -2)
Your flesh is cold resistant. (rC+)
You are robust. (+10% HP)
Your muscles are strong. (Str +2)


Message History

You have no ailments to cure.
Unknown command.
Unknown command.
Okay, then.
Unknown command.
Evoke which item? (* to show all) (? for menu, Esc to quit)
Okay, then.
Unknown command.
Really read with blurry vision while enemies are nearby? [Y]es or [N]o only, please.
Really read with blurry vision while enemies are nearby?
Okay, then.
Unknown command.
Really read with blurry vision while enemies are nearby?
The centaur shoots an arrow.
The arrow hits you!
* * * LOW HITPOINT WARNING * * *
Xom roars with laughter!
The arrow freezes you.
You die...
Xom howls with laughter!

...# #####
.#.######...##
.#.....#.....#
....##.#.....### ##
.......#.......#### ...
.<.....#..........+ ....
...............####%....
......##.....#####......
......##..>....{@'.Z....
.............#####..c(..
............... ....#
.......####..... ...#
#+####...##..... ..#
...##.... .# ...##.....
# ...##.. ###


You could see a centaur and a bullfrog skeleton.

Vanquished Creatures
  Pikel (D:4)
  Eustachio (D:4)
  Menkaure (D:5)
  A phantom (D:5)
  A sky beast (D:6)
  2 centaurs
  A scorpion (D:5)
  A crimson imp (D:6)
  A jelly (D:5)
  3 hounds
  An iguana (D:5)
  2 worker ants
  6 big kobold zombies (Ossuary)
  A hound zombie (D:5)
  A mummy (Ossuary)
  Robin (D:3)
  A gnoll (shapeshifter) (D:5)
  A howler monkey skeleton (D:5)
  4 adders
  5 gnolls
  An adder skeleton (D:4)
  2 worms (D:2)
  A dart slug (D:2)
  5 leopard geckos
  5 orcs (D:3)
  9 spectral bats (Ossuary)
  A ball python (D:2)
  3 giant cockroaches
  4 gnoll zombies (Ossuary)
  19 goblins
  14 hobgoblins
  11 jackals
  2 quokkas (D:3)
  2 bats
  2 bat simulacra (Ossuary)
  11 frilled lizards
  4 goblin simulacra (Ossuary)
  7 goblin zombies (Ossuary)
  5 hobgoblin zombies (Ossuary)
  5 kobolds
  3 kobold simulacra (Ossuary)
  2 kobold zombies (Ossuary)
  4 orc zombies (Ossuary)
  7 rats
  3 rat simulacra (Ossuary)
  2 spectral kobolds (Ossuary)
  A spectral rat (Ossuary)
171 creatures vanquished.

Vanquished Creatures (collateral kills)
  A gnoll (D:4)
1 creature vanquished.

Vanquished Creatures (others)
  2 big kobold zombies (Ossuary)
  A spectral bat (Ossuary)
3 creatures vanquished.

Grand Total: 175 creatures vanquished

Notes
Turn   | Place    | Note
-------+----------+-------------------------------------------
     0 | D:1      | Jannitor the Vine Stalker Chaos Knight began the quest for the Orb.
     0 | D:1      | Reached XP level 1. HP: 11/11 MP: 2/2
    23 | D:1      | XOM: potion effect (invisibility)
    41 | D:1      | XOM: butterfly on damage
    41 | D:1      | XOM: smoke on damage
    85 | D:1      | XOM: scenery: create altars
   155 | D:1      | Reached XP level 2. HP: 9/16 MP: 3/3
   260 | D:1      | XOM: polymorph gnoll -> leopard gecko
   263 | D:1      | Reached skill level 1 in Dodging
   582 | D:1      | XOM: 2-stop teleportation journey
   853 | D:1      | XOM: scenery: create altars
   867 | D:2      | XOM: noise
   872 | D:2      | Reached XP level 3. HP: 8/19 MP: 4/4
   890 | D:2      | XOM: cast spell 'Cause Fear'
  1021 | D:2      | XOM: god gift: scroll labeled MUOHAO VEAXT {god gift}
  1188 | D:2      | XOM: divination: detect creatures
  1352 | D:2      | Gained mutation: Your natural rate of healing is unusually fast. [Vine Stalker growth]
  1352 | D:2      | Reached XP level 4. HP: 22/24 MP: 5/5
  1529 | D:3      | Found a radiant altar of Vehumet.
  1648 | D:3      | XOM: give mutation
  1648 | D:3      | Gained mutation: You evolve. [Xom's grace]
  1929 | D:3      | Reached XP level 5. HP: 28/28 MP: 4/6
  2025 | D:3      | XOM: mild Fire miscast
  2064 | D:3      | Gained mutation: Your flesh is cold resistant. (rC+) [evolution]
  2104 | D:3      | XOM: give mutations
  2104 | D:3      | Gained mutation: Your flesh is heat resistant. (rF+) [Xom's grace]
  2104 | D:3      | Gained mutation: You have a pair of small horns on your head. [Xom's grace]
  2136 | D:3      | Noticed Robin
  2153 | D:3      | Killed Robin
  2345 | D:4      | Found a transporter.
  2351 | D:4      | Found a transporter.
  2440 | D:4      | Found a staircase to the Ecumenical Temple.
  2490 | D:4      | Noticed Eustachio
  2500 | D:4      | XOM: destruction
  2536 | D:4      | Lost mutation: You evolve. [potion of mutation]
  2536 | D:4      | Lost mutation: You have a pair of small horns on your head. [potion of mutation]
  2536 | D:4      | Lost mutation: Your flesh is heat resistant. (rF+) [potion of mutation]
  2536 | D:4      | Gained mutation: You are clumsy. (Dex -2) [potion of mutation]
  2536 | D:4      | Gained mutation: You are robust. (+10% HP) [potion of mutation]
  2536 | D:4      | Gained mutation: You possess an exceptional clarity of mind. [potion of mutation]
  2536 | D:4      | Gained mutation: You are partially covered in molten scales. (AC +2) [potion of mutation]
  2536 | D:4      | XOM: divination: magic mapping
  2547 | D:4      | XOM: destruction
  2558 | D:4      | XOM: cast spell 'Summon Horrible Things'
  2559 | D:4      | Killed Eustachio
  2559 | D:4      | Reached XP level 6. HP: 17/36 MP: 5/7
  2600 | D:4      | Found a sacrificial altar of Ru.
  2611 | D:4      | XOM: 1-stop teleportation journey
  2748 | D:4      | Found a bloodstained altar of Trog.
  2748 | D:4      | XOM: harmless Air miscast
  2910 | D:4      | Noticed a slave
  2912 | D:4      | Noticed Pikel
  2913 | D:4      | Noticed a slave
  2915 | D:4      | Noticed a slave
  2916 | D:4      | Noticed a slave
  2931 | D:4      | XOM: scenery: create altars
  2932 | D:4      | XOM: silly message
  2936 | D:4      | Killed Pikel
  2936 | D:4      | Reached skill level 5 in Fighting
  2936 | D:4      | Reached skill level 5 in Axes
  2936 | D:4      | Reached XP level 7. HP: 42/42 MP: 8/8
  3176 | D:5      | Entered Level 5 of the Dungeon
  3176 | D:5      | Found Casolete's Assorted Antiques.
  3192 | D:5      | Bought a scroll labeled UTEFFI JYUL for 24 gold pieces
  3192 | D:5      | Bought a scroll labeled AKUIDARILA for 24 gold pieces
  3215 | D:5      | Found a sand-covered staircase.
  3221 | Ossuary  | Entered an ossuary
  3359 | Ossuary  | Gained mutation: You have razor-sharp teeth. [Vine Stalker growth]
  3359 | Ossuary  | Reached XP level 8. HP: 47/47 MP: 9/9
  3623 | D:5      | XOM: blink monster(s)
  3657 | D:5      | XOM: 1-stop teleportation journey
  3730 | D:5      | Found Ruucvel's Antique Weapon Shoppe.
  3784 | D:5      | Found a hazy altar of Hepliaklqana.
  3829 | D:5      | Found Giruos's Gadget Shoppe.
  3856 | D:5      | Found a blossoming altar of Fedhas.
  4054 | D:5      | XOM: summons 4 hostile demons
  4208 | D:5      | Noticed Menkaure
  4209 | D:5      | XOM: noise
  4213 | D:5      | XOM: swap monsters
  4219 | D:5      | Killed Menkaure
  4224 | D:5      | Found Omuit's Gadget Shoppe.
  4427 | D:6      | Reached skill level 5 in Armour
  4545 | D:5      | Gained mutation: Your muscles are strong. (Str +2) [mutagenic meat]
  4546 | D:5      | Gained mutation: Scrolls take you a little longer to read. [mutagenic meat]
  4659 | D:6      | Reached XP level 9. HP: 34/53 MP: 8/10
  4724 | D:6      | HP: 1/53 [centaur/arrow (12)]
  4724 | D:6      | Shot with an arrow by a centaur

Skill      XL: |  1  2  3  4  5  6  7  8 |
---------------+-------------------------+-----
Axes           | 3 4 5 6 |  6.6
Dodging        | 1 |  1.5
Fighting       | 3 5 6 |  6.4
Armour         | 2 4 5 |  5.4

Action                   |  1- 3 |  4- 6 |  7- 9 || total
-------------------------+-------+-------+-------++-------
Melee: Hand axe          |    89 |   213 |   287 ||   589
       Bite              |    16 |    53 |    90 ||   159
       Headbutt          |       |    16 |       ||    16
Evoke: Wand              |       |     2 |       ||     2
  Use: Potion            |     1 |     3 |       ||     4
       Scroll            |     2 |       |    10 ||    12
 Stab: Invisible         |     1 |       |       ||     1
       Paralysed         |       |    10 |     4 ||    14
       Petrified         |       |     6 |       ||     6
       Confused          |       |       |     1 ||     1
       Petrifying        |       |       |     1 ||     1
  Eat: Chunk             |     1 |     6 |     5 ||    12
       Bread ration      |       |       |     1 ||     1
Armor: Leather armour    |    27 |    86 |   133 ||   246
Dodge: Dodged            |    52 |   163 |   185 ||   400
